[Event "Rated Rapid game"]
[Site "?"]
[Date "2021.02.21"]
[Round "?"]
[White "VLADUSHA"]
[Black "Andreyka02"]
[Result "1-0"]
[ECO "C42"]
[WhiteElo "2554"]
[BlackElo "2276"]
[PlyCount "77"]
[EventDate "2021.??.??"]
[EventType "rapid"]
[TimeControl "420+2"]

1. e4 e5 2. Nf3 Nf6 3. Nxe5 d6 4. Nxf7 Kxf7 5. d4 c5 6. dxc5 Nc6 7. Bc4+ Be6 8.
Bxe6+ Kxe6 9. O-O dxc5 10. Qe2 Nd4 11. Qc4+ Ke7 12. e5 Ne4 13. f3 b5 14. Qd3
Nf6 15. exf6+ gxf6 16. Re1+ Kf7 17. c3 Ne6 18. Qxb5 Bd6 19. Qc4 Qd7 20. Bh6
Rhg8 21. Na3 Rae8 22. Rad1 Qc6 23. Kh1 Rg6 24. Be3 Reg8 25. Re2 Rxg2 26. Rxg2
Qxf3 27. Qe2 Qe4 28. Rxd6 Rxg2 29. Qxg2 Qxe3 30. Rd1 Nf4 31. Qb7+ Kg6 32. Rg1+
Kf5 33. Nc2 Qf2 34. Qd7+ Ke4 35. Re1+ Ne2 36. Qxh7+ Kf4 37. Qh6+ Ke5 38. Qh5+
Kd6 39. Qxe2 {Normal} 1-0

[Event "Rated Blitz tournament gQiFV3dD"]
[Site "?"]
[Date "2021.02.21"]
[Round "?"]
[White "LokyTheGreat"]
[Black "Fiery_calm"]
[Result "0-1"]
[ECO "C42"]
[WhiteElo "2294"]
[BlackElo "2424"]
[PlyCount "52"]
[EventDate "2021.??.??"]
[EventType "blitz"]
[TimeControl "300"]

1. e4 e5 2. Nf3 Nf6 3. Nxe5 d6 4. Nxf7 Kxf7 5. d4 c5 6. dxc5 Nc6 7. Nc3 Bg4 8.
f3 Be6 9. cxd6 Bxd6 10. Bd3 Qc7 11. O-O Bxh2+ 12. Kh1 Nh5 13. Ne2 Nd4 14. Nxd4
Ng3+ 15. Kxh2 Nxf1+ 16. Kg1 Ng3 17. Nxe6 Kxe6 18. b3 Rad8 19. Qe1 Qc5+ 20. Kh2
Nh5 21. Bc4+ Ke7 22. Qh4+ Nf6 23. Bg5 h6 24. Bxf6+ gxf6 25. e5 Qxe5+ 26. Kh1
Qxa1+ {Normal} 0-1

[Event "Rated Blitz game"]
[Site "?"]
[Date "2021.02.20"]
[Round "?"]
[White "VLADUSHA"]
[Black "Prayer791"]
[Result "1-0"]
[ECO "C42"]
[WhiteElo "2606"]
[BlackElo "2552"]
[PlyCount "105"]
[EventDate "2021.??.??"]
[EventType "blitz"]
[TimeControl "180"]

1. e4 e5 2. Nf3 Nf6 3. Nxe5 d6 4. Nxf7 Kxf7 5. d4 Be6 6. Nc3 g6 7. Bd3 Bg7 8.
e5 dxe5 9. dxe5 Nfd7 10. Qf3+ Ke8 11. Qxb7 Nb6 12. O-O N8d7 13. Nb5 Bxe5 14. f4
Bd6 15. Re1 Kf7 16. Qf3 Qf6 17. Bd2 Rhf8 18. Bc3 Qh4 19. Nxd6+ cxd6 20. Qe4
Rae8 21. Qd4 Qf6 22. Qxd6 Qe7 23. Qd4 Qc5 24. Qxc5 Nxc5 25. Bb5 Rc8 26. Rad1
Rfd8 27. Rxd8 Rxd8 28. Bb4 Nb7 29. b3 Nd5 30. Bd2 Nc7 31. Bd3 Nc5 32. Ba5 Nxd3
33. cxd3 Rd7 34. Rc1 Nd5 35. Bd2 Nf6 36. Rc3 Bf5 37. Rc6 Rxd3 38. Ba5 Rd2 39.
Bxd2 Ne4 40. Ba5 Bd7 41. Rc7 Ke6 42. Rxa7 h5 43. Ra6+ Kf5 44. Bc7 h4 45. b4 Nc3
46. a4 Bxa4 47. Ra5+ Ke4 48. Be5 Ne2+ 49. Kf2 Bd1 50. Ke1 h3 51. gxh3 Nxf4 52.
Bxf4 Bb3 53. Bd2 {Time forfeit} 1-0

[Event "Rated Blitz game"]
[Site "?"]
[Date "2021.02.20"]
[Round "?"]
[White "Schach_du_Nase"]
[Black "heisenber_g"]
[Result "1-0"]
[ECO "C42"]
[WhiteElo "2441"]
[BlackElo "2436"]
[PlyCount "29"]
[EventDate "2021.??.??"]
[EventType "blitz"]
[TimeControl "180"]

1. e4 e5 2. Nf3 Nf6 3. Nxe5 d6 4. Nxf7 Kxf7 5. d4 c5 6. Nc3 cxd4 7. Qxd4 Nc6 8.
Bc4+ Be6 9. Bxe6+ Kxe6 10. Qc4+ Kd7 11. Bf4 Qa5 12. O-O-O Ne5 13. Qb3 Rb8 14.
Nd5 Be7 15. Bxe5 {Normal} 1-0

[Event "Rated Blitz game"]
[Site "?"]
[Date "2021.02.20"]
[Round "?"]
[White "Nikkkita"]
[Black "adnansendur"]
[Result "1-0"]
[ECO "C42"]
[WhiteElo "2264"]
[BlackElo "2407"]
[PlyCount "101"]
[EventDate "2021.??.??"]
[EventType "blitz"]
[TimeControl "180"]

1. e4 e5 2. Nf3 Nf6 3. Nxe5 d6 4. Nxf7 Kxf7 5. d4 Qe8 6. Bd3 c5 7. O-O cxd4 8.
f4 Nc6 9. Bc4+ Be6 10. Bd3 d5 11. f5 Bd7 12. Bg5 Bd6 13. Nd2 dxe4 14. Bc4+ Kf8
15. Qe1 e3 16. Qh4 Be7 17. Nf3 Bd8 18. Rae1 Qe4 19. Bxf6 Qxh4 20. Bxh4 Bf6 21.
Bxf6 gxf6 22. Rd1 Ne5 23. Rxd4 Nxc4 24. Rxd7 Re8 25. Nd4 Re7 26. Rd8+ Kg7 27.
Ne6+ Rxe6 28. Rxh8 Re7 29. Rc8 Nxb2 30. Re1 b5 31. Rc3 Nc4 32. Kf1 a6 33. Ke2
Re5 34. g4 h5 35. h3 hxg4 36. hxg4 Re4 37. Kf3 Re5 38. Kf4 Re7 39. g5 Re5 40.
Rg1 e2 41. gxf6+ Kxf6 42. Rg6+ Kf7 43. Rg1 e1=Q 44. Rxe1 Rxe1 45. Rh3 Re7 46.
Rh7+ Kf6 47. Rh6+ Kf7 48. Rh7+ Ke8 49. Rh8+ Kd7 50. f6 Rf7 51. Kf5 {Time
forfeit} 1-0

[Event "Rated Blitz game"]
[Site "?"]
[Date "2021.02.18"]
[Round "?"]
[White "SrPopando"]
[Black "DontWannaKnowYou"]
[Result "0-1"]
[ECO "C42"]
[WhiteElo "2516"]
[BlackElo "2698"]
[PlyCount "122"]
[EventDate "2021.??.??"]
[EventType "blitz"]
[TimeControl "180+2"]

1. e4 e5 2. Nf3 Nf6 3. Nxe5 d6 4. Nxf7 Kxf7 5. Nc3 Be6 6. d4 Kg8 7. Bd3 c5 8.
d5 Bf7 9. O-O Nbd7 10. f4 g6 11. a4 Qe7 12. Qf3 Bg7 13. Bd2 h5 14. h3 Kh7 15.
Rae1 Rae8 16. Nd1 Rhf8 17. c4 Kg8 18. Bc3 h4 19. e5 dxe5 20. fxe5 Nh5 21. e6
Bxe6 22. Qe4 Rxf1+ 23. Bxf1 Nf8 24. Bxg7 Nxg7 25. dxe6 Qxe6 26. Qxe6+ Rxe6 27.
Rxe6 Nfxe6 28. Be2 Nd4 29. Bf3 Nxf3+ 30. gxf3 Nf5 31. Nc3 Kf7 32. Kf2 Ke6 33.
Ne4 b6 34. Nc3 Ke5 35. Nb5 a5 36. Ke2 Kf4 37. Kf2 Ne3 38. Nc3 Nxc4 39. b3 Nd2
40. Nd5+ Ke5 41. Nxb6 Kd4 42. f4 Nxb3 43. Ke2 c4 44. Kd1 c3 45. Kc2 Nc5 46. Nc8
Nxa4 47. Ne7 Nb6 48. Nc6+ Kc5 49. Nxa5 Nd5 50. Nb3+ Kc4 51. Na5+ Kd4 52. Nc6+
Ke4 53. Ne5 Kf5 54. Nf3 Kxf4 55. Nxh4 g5 56. Ng6+ Kg3 57. Kd3 Kxh3 58. Ne5 g4
59. Ke4 g3 60. Kxd5 c2 61. Nd3 g2 {Normal} 0-1

[Event "Rated Blitz game"]
[Site "?"]
[Date "2021.02.18"]
[Round "?"]
[White "DontWannaKnowYou"]
[Black "TheBeagles"]
[Result "1-0"]
[ECO "C42"]
[WhiteElo "2697"]
[BlackElo "2502"]
[PlyCount "37"]
[EventDate "2021.??.??"]
[EventType "blitz"]
[TimeControl "180+2"]

1. e4 e5 2. Nf3 Nf6 3. Nxe5 d6 4. Nxf7 Kxf7 5. d4 c5 6. Nc3 cxd4 7. Bc4+ Be6 8.
Bxe6+ Kxe6 9. Qxd4 Nc6 10. Qc4+ Kd7 11. Bf4 Be7 12. O-O-O Qa5 13. e5 Nxe5 14.
Bxe5 Qxe5 15. Rhe1 Qf5 16. g4 Nxg4 17. Nd5 Bg5+ 18. Kb1 Rhc8 19. Qb5+ {Normal}
1-0

[Event "Rated Blitz game"]
[Site "?"]
[Date "2021.02.18"]
[Round "?"]
[White "SrPopando"]
[Black "vasek8804"]
[Result "0-1"]
[ECO "C42"]
[WhiteElo "2512"]
[BlackElo "2485"]
[PlyCount "44"]
[EventDate "2021.??.??"]
[EventType "blitz"]
[TimeControl "180+2"]

1. e4 e5 2. Nf3 Nf6 3. Nxe5 d6 4. Nxf7 Kxf7 5. Nc3 c5 6. Bc4+ Be6 7. Bxe6+ Kxe6
8. d4 Kf7 9. O-O Be7 10. Be3 Rf8 11. f4 cxd4 12. Bxd4 Nc6 13. Bxf6 Bxf6 14.
Qd5+ Ke7 15. Kh1 Bxc3 16. bxc3 Qa5 17. Qb3 Qb6 18. Qd5 Qc5 19. Qb3 Na5 20. Qa4
Nc4 21. Rae1 b5 22. Qa6 Qb6 {Normal} 0-1

[Event "Rated Blitz tournament G5A1fjLU"]
[Site "?"]
[Date "2021.02.18"]
[Round "?"]
[White "lodewijkfrederik"]
[Black "validator777"]
[Result "1-0"]
[ECO "C42"]
[WhiteElo "2666"]
[BlackElo "2264"]
[PlyCount "103"]
[EventDate "2021.??.??"]
[EventType "blitz"]
[TimeControl "180+2"]

1. e4 e5 2. Nf3 Nf6 3. Nxe5 d6 4. Nxf7 Kxf7 5. Nc3 c5 6. d4 cxd4 7. Bc4+ Be6 8.
Bxe6+ Kxe6 9. Qxd4 Nc6 10. Qc4+ Kd7 11. Bf4 Qa5 12. O-O-O Be7 13. Bxd6 Bxd6 14.
Nb5 Rad8 15. Nxd6 Kc7 16. Nf7 Rxd1+ 17. Rxd1 Re8 18. f3 Qb4 19. Qxb4 Nxb4 20.
a3 Nc6 21. Nd6 Rd8 22. Nb5+ Kb6 23. Rxd8 Nxd8 24. Nd4 Nc6 25. Nf5 g6 26. Ne3
Nd4 27. Kd2 Nd7 28. Kd3 Ne6 29. Nd5+ Kc5 30. Ke3 Ne5 31. b3 g5 32. Nf6 Nf4 33.
g3 Ng2+ 34. Kf2 Ne1 35. Kxe1 Nxf3+ 36. Kf2 Nxh2 37. Kg2 Kd4 38. Kxh2 Ke5 39.
Nxh7 Kxe4 40. Nxg5+ Ke3 41. Kh3 Kd2 42. Ne6 Kxc2 43. g4 Kxb3 44. g5 Kxa3 45. g6
Kb4 46. g7 a5 47. g8=Q Kb5 48. Qg4 a4 49. Qd4 Ka5 50. Qc5+ b5 51. Nc7 a3 52.
Qxb5# {Normal} 1-0

[Event "Rated Blitz tournament 9ecmcnHc"]
[Site "?"]
[Date "2021.02.18"]
[Round "?"]
[White "Donkey006"]
[Black "Willie_die_Kralle"]
[Result "1-0"]
[ECO "C42"]
[WhiteElo "2448"]
[BlackElo "2457"]
[PlyCount "99"]
[EventDate "2021.??.??"]
[EventType "blitz"]
[TimeControl "180+2"]

1. e4 e5 2. Nf3 Nf6 3. Nxe5 d6 4. Nxf7 Kxf7 5. Bc4+ Be6 6. Bxe6+ Kxe6 7. O-O c5
8. c3 Kd7 9. d4 Kc8 10. Re1 Nc6 11. Na3 Be7 12. d5 Nb8 13. f4 Re8 14. Nc4 b5
15. Na3 Bf8 16. Qf3 Nxd5 17. Nxb5 Nc7 18. a4 a6 19. Na3 d5 20. e5 g6 21. Be3
Nc6 22. Bf2 Qd7 23. Rad1 Qe6 24. g4 h5 25. h3 hxg4 26. hxg4 Be7 27. f5 gxf5 28.
gxf5 Rf8 29. f6 Rf7 30. Qg3 Kb7 31. fxe7 Qxe7 32. Kf1 Raf8 33. Rd2 Rf3 34. Qg2
Qf7 35. Nc2 Qf5 36. Ne3 Qxe5 37. Nxd5 Qf5 38. Ne3 Qh5 39. Nc4 Qh6 40. Rde2 Qh7
41. Nd6+ Ka8 42. Ne4 Qf5 43. Ng3 Qd3 44. Kg1 Rg8 45. Kh2 Qh7+ 46. Kg1 Qd3 47.
Kh2 Qh7+ 48. Kg1 Rff8 49. Qxc6+ Kb8 50. Re7 {Normal} 1-0

[Event "Rated Blitz game"]
[Site "?"]
[Date "2021.02.18"]
[Round "?"]
[White "SrPopando"]
[Black "CleverKenkz"]
[Result "0-1"]
[ECO "C42"]
[WhiteElo "2473"]
[BlackElo "2521"]
[PlyCount "56"]
[EventDate "2021.??.??"]
[EventType "blitz"]
[TimeControl "180+2"]

1. e4 e5 2. Nf3 Nf6 3. Nxe5 d6 4. Nxf7 Kxf7 5. Nc3 Be7 6. Bc4+ Be6 7. Bxe6+
Kxe6 8. d4 Re8 9. f4 Kf7 10. e5 Nfd7 11. O-O Kg8 12. Ne4 Nf8 13. Be3 dxe5 14.
fxe5 c6 15. Qg4 Qd7 16. Qf3 Qe6 17. c3 Nbd7 18. b3 b5 19. Rae1 Ng6 20. Qh5 Rf8
21. Bg5 Rxf1+ 22. Rxf1 Rf8 23. Rxf8+ Ndxf8 24. Bxe7 Nxe7 25. Qe8 Nd5 26. Qxe6+
Nxe6 27. c4 bxc4 28. bxc4 Nb6 {Normal} 0-1

[Event "Rated Blitz game"]
[Site "?"]
[Date "2021.02.17"]
[Round "?"]
[White "SrPopando"]
[Black "SuperDonald"]
[Result "1-0"]
[ECO "C42"]
[WhiteElo "2400"]
[BlackElo "2488"]
[PlyCount "43"]
[EventDate "2021.??.??"]
[EventType "blitz"]
[TimeControl "180+2"]

1. e4 e5 2. Nf3 Nf6 3. Nxe5 d6 4. Nxf7 Kxf7 5. Nc3 c5 6. Bc4+ d5 7. Nxd5 Be6 8.
Qf3 Nc6 9. Nxf6 Qxf6 10. Bxe6+ Kxe6 11. Qb3+ Kd6 12. f4 Qxf4 13. d3 Qh4+ 14. g3
Qh5 15. Bf4+ Ne5 16. Qd5+ Ke7 17. Qxb7+ Kf6 18. Bxe5+ Qxe5 19. O-O+ Kg6 20.
Qxa8 c4 21. Qd5 Bc5+ 22. Kg2 {Normal} 1-0

[Event "Rated Blitz game"]
[Site "?"]
[Date "2021.02.17"]
[Round "?"]
[White "berval"]
[Black "Semenychev_Alexander"]
[Result "1-0"]
[ECO "C42"]
[WhiteElo "2494"]
[BlackElo "2500"]
[PlyCount "37"]
[EventDate "2021.??.??"]
[EventType "blitz"]
[TimeControl "180"]

1. e4 e5 2. Nf3 Nf6 3. Nxe5 d6 4. Nxf7 Kxf7 5. d4 c6 6. Nc3 Be7 7. Bd3 Re8 8.
e5 dxe5 9. dxe5 Bb4 10. f4 Kg8 11. O-O Bxc3 12. bxc3 Nd5 13. Qh5 h6 14. Qg6 Nd7
15. Qh7+ Kf8 16. Ba3+ c5 17. Qh8+ Kf7 18. e6+ Rxe6 19. Qxd8 {Normal} 1-0

[Event "Rated Blitz game"]
[Site "?"]
[Date "2021.02.17"]
[Round "?"]
[White "berval"]
[Black "Prayer791"]
[Result "0-1"]
[ECO "C42"]
[WhiteElo "2490"]
[BlackElo "2544"]
[PlyCount "20"]
[EventDate "2021.??.??"]
[EventType "blitz"]
[TimeControl "180"]

1. e4 e5 2. Nf3 Nf6 3. Nxe5 d6 4. Nxf7 Kxf7 5. d4 Be6 6. Nc3 g6 7. f4 Bg7 8. d5
Bg4 9. Qd3 Re8 10. h3 Nxe4 {Normal} 0-1

[Event "Rated Blitz game"]
[Site "?"]
[Date "2021.02.17"]
[Round "?"]
[White "HodorBauer"]
[Black "Nebonik"]
[Result "1-0"]
[ECO "C42"]
[WhiteElo "2553"]
[BlackElo "2578"]
[PlyCount "45"]
[EventDate "2021.??.??"]
[EventType "blitz"]
[TimeControl "180+2"]

1. e4 e5 2. Nf3 Nf6 3. Nxe5 d6 4. Nxf7 Kxf7 5. Nc3 Qe8 6. d4 c5 7. Be3 Nc6 8.
d5 Ne5 9. h3 Ng6 10. Bd3 b5 11. Bxb5 Bd7 12. Bxd7 Qxd7 13. O-O Re8 14. Qd3 h5
15. f4 h4 16. Rae1 Kg8 17. e5 dxe5 18. Qxg6 e4 19. f5 Bd6 20. Bg5 Be5 21. Kh1
Bxc3 22. bxc3 Qf7 23. Bxf6 {Normal} 1-0

[Event "Rated Blitz game"]
[Site "?"]
[Date "2021.02.16"]
[Round "?"]
[White "Monkey_King"]
[Black "Ranaroek66"]
[Result "0-1"]
[ECO "C42"]
[WhiteElo "2574"]
[BlackElo "2611"]
[PlyCount "40"]
[EventDate "2021.??.??"]
[EventType "blitz"]
[TimeControl "180"]

1. e4 e5 2. Nf3 Nf6 3. Nxe5 d6 4. Nxf7 Kxf7 5. Nc3 c5 6. Bc4+ d5 7. Nxd5 Be6 8.
O-O Bxd5 9. exd5 Bd6 10. d4 Nbd7 11. Re1 Nb6 12. b3 Nxc4 13. bxc4 Re8 14. Bg5
Rxe1+ 15. Qxe1 Qe8 16. Qb1 b6 17. Be3 Ng4 18. c3 Nxe3 19. fxe3 Qxe3+ 20. Kh1
Kg8 {Normal} 0-1

[Event "Rated Blitz game"]
[Site "?"]
[Date "2021.02.16"]
[Round "?"]
[White "DontWannaKnowYou"]
[Black "JeansusChrist"]
[Result "1/2-1/2"]
[ECO "C42"]
[WhiteElo "2670"]
[BlackElo "2496"]
[PlyCount "70"]
[EventDate "2021.??.??"]
[EventType "blitz"]
[TimeControl "180+2"]

1. e4 e5 2. Nf3 Nf6 3. Nxe5 d6 4. Nxf7 Kxf7 5. d4 c5 6. Nc3 Nc6 7. Bc4+ Ke8 8.
O-O Nxd4 9. Nd5 Nxd5 10. Bxd5 Be6 11. c3 Bxd5 12. exd5 Nf5 13. Re1+ Be7 14. Bg5
Kf7 15. Rxe7+ Nxe7 16. Qh5+ g6 17. Qf3+ Kg8 18. Re1 Qf8 19. Qxf8+ Rxf8 20. Rxe7
h6 21. Bd2 Rh7 22. Re6 g5 23. Rxd6 Re8 24. Kf1 Rhe7 25. Be3 Kg7 26. c4 b6 27.
h4 gxh4 28. Bxh6+ Kh7 29. Be3 Re4 30. b3 Rf8 31. Ke2 Rg4 32. Kf1 Rfg8 33. Rd7+
R8g7 34. Rxg7+ Kxg7 35. f3 Rg6 {Normal} 1/2-1/2

[Event "Rated Blitz game"]
[Site "?"]
[Date "2021.02.16"]
[Round "?"]
[White "wblodw"]
[Black "Lagardeduroi007"]
[Result "1-0"]
[ECO "C42"]
[WhiteElo "2408"]
[BlackElo "2327"]
[PlyCount "49"]
[EventDate "2021.??.??"]
[EventType "blitz"]
[TimeControl "180"]

1. e4 e5 2. Nf3 Nf6 3. Nxe5 d6 4. Nxf7 Kxf7 5. d4 c5 6. c3 cxd4 7. cxd4 Nc6 8.
Nc3 Be7 9. Bc4+ d5 10. exd5 Nb4 11. d6+ Kf8 12. dxe7+ Qxe7+ 13. Be3 g6 14. O-O
Kg7 15. Re1 Qd6 16. a3 Nc6 17. d5 Ne5 18. Ba2 Neg4 19. g3 Nxe3 20. Rxe3 Rf8 21.
Qd4 Kg8 22. Rae1 Bf5 23. Nb5 Qd7 24. d6+ Kg7 25. Re7+ {Normal} 1-0

[Event "Rated Blitz game"]
[Site "?"]
[Date "2021.02.15"]
[Round "?"]
[White "UnCroissant"]
[Black "Jup78"]
[Result "1-0"]
[ECO "C42"]
[WhiteElo "2496"]
[BlackElo "2339"]
[PlyCount "39"]
[EventDate "2021.??.??"]
[EventType "blitz"]
[TimeControl "180"]

1. e4 e5 2. Nf3 Nf6 3. Nxe5 d6 4. Nxf7 Kxf7 5. Bc4+ Be6 6. Bxe6+ Kxe6 7. Nc3
Nc6 8. d4 Kd7 9. e5 Qe7 10. O-O Re8 11. exf6 Qxf6 12. d5 Ne5 13. f4 Nf7 14. Qf3
Kc8 15. Be3 Kb8 16. Rfe1 Be7 17. Rad1 h5 18. Bd4 Qg6 19. Re6 Qf5 20. Rde1 {
Normal} 1-0

[Event "Rated Blitz game"]
[Site "?"]
[Date "2021.02.15"]
[Round "?"]
[White "tabacochanel"]
[Black "d-pawn"]
[Result "0-1"]
[ECO "C42"]
[WhiteElo "2345"]
[BlackElo "2404"]
[PlyCount "90"]
[EventDate "2021.??.??"]
[EventType "blitz"]
[TimeControl "180"]

1. e4 e5 2. Nf3 Nf6 3. Nxe5 d6 4. Nxf7 Kxf7 5. d4 c5 6. dxc5 Nc6 7. Bc4+ Be6 8.
Bxe6+ Kxe6 9. cxd6 Qxd6 10. Qxd6+ Bxd6 11. f3 Nb4 12. Na3 Rac8 13. c3 Nd3+ 14.
Ke2 Nxc1+ 15. Raxc1 Bxa3 16. bxa3 Rhd8 17. Rhd1 b6 18. Rxd8 Rxd8 19. Ke3 Nd7
20. Rd1 Rc8 21. Rc1 Nc5 22. f4 Rd8 23. e5 Rd3+ 24. Ke2 Kf5 25. g3 h5 26. Rd1
Rxc3 27. Rd8 Rxa3 28. Rg8 g6 29. Rf8+ Ke4 30. Rf6 Rxa2+ 31. Kd1 b5 32. Rxg6 b4
33. e6 Kd3 34. Ke1 Re2+ 35. Kd1 Rxe6 36. f5 Rxg6 37. fxg6 Ne6 38. Kc1 a5 39. h3
a4 40. Kb2 Kc4 41. g4 hxg4 42. hxg4 a3+ 43. Ka2 Kc3 44. g5 Kc2 45. g7 Nxg7 {
Normal} 0-1

[Event "Rated Blitz game"]
[Site "?"]
[Date "2021.02.15"]
[Round "?"]
[White "tabacochanel"]
[Black "JLeon"]
[Result "0-1"]
[ECO "C42"]
[WhiteElo "2341"]
[BlackElo "2475"]
[PlyCount "140"]
[EventDate "2021.??.??"]
[EventType "blitz"]
[TimeControl "180"]

1. e4 e5 2. Nf3 Nf6 3. Nxe5 d6 4. Nxf7 Kxf7 5. d4 Nxe4 6. Qh5+ g6 7. Qd5+ Be6
8. Qxe4 Bg7 9. Bd3 d5 10. Qf3+ Qf6 11. Qxf6+ Bxf6 12. c3 Re8 13. O-O Nc6 14.
Bf4 Bf5 15. Bxf5 gxf5 16. Nd2 Re7 17. Rfe1 Rae8 18. Kf1 Nd8 19. Rxe7+ Rxe7 20.
Re1 Ne6 21. g3 Nxf4 22. Rxe7+ Bxe7 23. gxf4 Bd6 24. Nf3 Bxf4 25. Ke2 Kf6 26.
Kd3 h5 27. h3 b5 28. b3 c6 29. c4 dxc4+ 30. bxc4 a6 31. d5 cxd5 32. cxd5 Ke7
33. Nd4 Kd6 34. Nxf5+ Kxd5 35. Ng7 h4 36. Nf5 Bg5 37. f4 Bxf4 38. Nxh4 Kc5 39.
Ng6 Bh6 40. Kc3 a5 41. h4 a4 42. h5 Bg7+ 43. Kc2 Kb4 44. Ne7 Ka3 45. Kb1 b4 46.
Nf5 Bf6 47. Nd6 b3 48. axb3 Kxb3 49. Nb5 Bg7 50. h6 Bxh6 51. Nd4+ Kc4 52. Nc2
Kb3 53. Nd4+ Kc3 54. Ka2 Bf8 55. Nb5+ Kc4 56. Nc7 Be7 57. Ne8 Kb5 58. Ng7 Bd6
59. Nf5 Bc5 60. Ng7 Kc4 61. Ne6 Bb4 62. Nf4 Bd6 63. Ne2 Kd3 64. Nc1+ Kd2 65.
Nb3+ Kc3 66. Na5 Bc5 67. Nb7 Bb4 68. Nd8 Kd4 69. Nc6+ Kc5 70. Nxb4 Kxb4 {
Time forfeit} 0-1

[Event "Rated Blitz game"]
[Site "?"]
[Date "2021.02.15"]
[Round "?"]
[White "Matjaz1966"]
[Black "DontWannaKnowYou"]
[Result "0-1"]
[ECO "C42"]
[WhiteElo "2400"]
[BlackElo "2485"]
[PlyCount "62"]
[EventDate "2021.??.??"]
[EventType "blitz"]
[TimeControl "180+2"]

1. e4 e5 2. Nf3 Nf6 3. Nxe5 d6 4. Nxf7 Kxf7 5. d4 c5 6. Bc4+ d5 7. exd5 Bd6 8.
dxc5 Qa5+ 9. Nc3 Qxc5 10. Qd3 Nbd7 11. Be3 Ne5 12. Bxc5 Nxd3+ 13. cxd3 Bxc5 14.
O-O Re8 15. Rac1 Kf8 16. h3 a6 17. Rfe1 Bd7 18. Ne4 Bd4 19. Rc2 Ba4 20. Rce2 b5
21. Nxf6 Bxf6 22. Bb3 Bxb3 23. axb3 Rxe2 24. Rxe2 Re8 25. Rc2 Bd4 26. Rc6 Re2
27. Rxa6 Rxf2 28. Kh1 Rxb2 29. Ra8+ Kf7 30. Rb8 Rb1+ 31. Kh2 Be5+ {Normal} 0-1

[Event "Rated Blitz tournament aIFB6oVn"]
[Site "?"]
[Date "2021.02.14"]
[Round "?"]
[White "Donkey006"]
[Black "gijsijsijs"]
[Result "1-0"]
[ECO "C42"]
[WhiteElo "2450"]
[BlackElo "2214"]
[PlyCount "75"]
[EventDate "2021.??.??"]
[EventType "blitz"]
[TimeControl "180+2"]

1. e4 e5 2. Nf3 Nf6 3. Nxe5 d6 4. Nxf7 Kxf7 5. Bc4+ Be6 6. Bxe6+ Kxe6 7. Nc3
Kd7 8. d4 c6 9. e5 Nd5 10. Nxd5 cxd5 11. O-O dxe5 12. dxe5 Kc7 13. Bf4 Nc6 14.
Bg3 Kb6 15. f4 Bc5+ 16. Kh1 h5 17. c3 h4 18. Be1 h3 19. g3 a5 20. Qb3+ Kc7 21.
Bf2 Bxf2 22. Rxf2 g5 23. fxg5 Nxe5 24. Re1 Nc4 25. Rf7+ Kd6 26. Qxb7 Rb8 27.
Qa7 Rb6 28. Rf6+ Kc5 29. b4+ axb4 30. cxb4+ Kxb4 31. Rb1+ Kc3 32. Rfxb6 Nxb6
33. Qa5+ Kd4 34. Rxb6 Ke5 35. Qe1+ Kf5 36. Rf6+ Kxg5 37. Qe5+ Kg4 38. Rf4# {
Normal} 1-0

[Event "Rated Blitz game"]
[Site "?"]
[Date "2021.02.14"]
[Round "?"]
[White "UnCroissant"]
[Black "adnansendur"]
[Result "0-1"]
[ECO "C42"]
[WhiteElo "2505"]
[BlackElo "2440"]
[PlyCount "92"]
[EventDate "2021.??.??"]
[EventType "blitz"]
[TimeControl "180"]

1. e4 e5 2. Nf3 Nf6 3. Nxe5 d6 4. Nxf7 Kxf7 5. Bc4+ Be6 6. Bxe6+ Kxe6 7. d4 c5
8. c3 cxd4 9. cxd4 Qb6 10. Nc3 Kf7 11. O-O Nc6 12. d5 Ne5 13. Kh1 Be7 14. f4
Neg4 15. Qe2 Rae8 16. e5 Bf8 17. e6+ Kg8 18. f5 h5 19. h3 Be7 20. Bf4 Nh6 21.
Be3 Qb4 22. Rf4 Qa5 23. Ra4 Qc7 24. Nb5 Qd8 25. Rf1 a6 26. Nc3 Qc7 27. Rc4 Qb8
28. Bb6 Rc8 29. Rxc8+ Qxc8 30. Bd4 h4 31. Bxf6 Bxf6 32. Ne4 Be5 33. f6 gxf6 34.
Nxf6+ Kg7 35. Nh5+ Kg6 36. Qe4+ Kxh5 37. Rf5+ Nxf5 38. Qxf5+ Kh6 39. Qb1 Qg8
40. e7 Qg3 41. Qc1+ Kg7 42. Qg1 Re8 43. b4 Rxe7 44. b5 Rf7 45. bxa6 Rf1 46. a7
Qh2# {Normal} 0-1

[Event "Rated Blitz tournament R97QX7XC"]
[Site "?"]
[Date "2021.02.14"]
[Round "?"]
[White "fireanigirl"]
[Black "Almamora"]
[Result "1/2-1/2"]
[ECO "C42"]
[WhiteElo "2655"]
[BlackElo "2400"]
[PlyCount "54"]
[EventDate "2021.??.??"]
[EventType "blitz"]
[TimeControl "180"]

1. e4 e5 2. Nf3 Nf6 3. Nxe5 d6 4. Nxf7 Kxf7 5. d4 c6 6. Nc3 d5 7. e5 Be7 8.
exf6 Bxf6 9. Bd3 Re8+ 10. Be3 Kg8 11. Qh5 g6 12. Bxg6 hxg6 13. Qxg6+ Bg7 14.
O-O-O Re6 15. Qh5 Qe8 16. Qf3 Rf6 17. Qg3 Rg6 18. Qh4 Bf6 19. Qh5 Bd7 20. Rde1
Rxg2 21. Qf3 Qg6 22. h4 Rg4 23. h5 Qf5 24. Qd1 Na6 25. h6 Kh7 26. Rh3 Re8 27.
Rf3 Qg6 {Normal} 1/2-1/2

[Event "Rated Blitz game"]
[Site "?"]
[Date "2021.02.14"]
[Round "?"]
[White "dmitry-lavrik"]
[Black "Semenychev_Alexander"]
[Result "1-0"]
[ECO "C42"]
[WhiteElo "2510"]
[BlackElo "2411"]
[PlyCount "81"]
[EventDate "2021.??.??"]
[EventType "blitz"]
[TimeControl "180"]

1. e4 e5 2. Nf3 Nf6 3. Nxe5 d6 4. Nxf7 Kxf7 5. Nc3 g6 6. Bc4+ Kg7 7. d3 Nc6 8.
h3 Na5 9. Bb5 c6 10. Ba4 b5 11. Bb3 Nxb3 12. axb3 a5 13. Bg5 Be7 14. Qd2 h6 15.
Be3 b4 16. Ne2 c5 17. f4 Bb7 18. O-O Qd7 19. f5 Qe8 20. Nf4 g5 21. Ne6+ Kh7 22.
h4 Ng4 23. hxg5 Nxe3 24. g6+ Kg8 25. Qxe3 Ra7 26. f6 Qxg6 27. fxe7 Qxe6 28.
Rf8+ Kh7 29. e8=Q Qxe8 30. Rxe8 Rxe8 31. Qf4 Bc8 32. Qxd6 Rg7 33. Rf1 Reg8 34.
Rf2 Bh3 35. Qxc5 Bxg2 36. Qf5+ Kh8 37. Qe5 Bh3+ 38. Kh2 Bc8 39. Rf7 Kh7 40.
Rxg7+ Rxg7 41. Qxa5 {Normal} 1-0

[Event "Rated Blitz game"]
[Site "?"]
[Date "2021.02.13"]
[Round "?"]
[White "Kingwannabe"]
[Black "GiveMePawns"]
[Result "0-1"]
[ECO "C42"]
[WhiteElo "2413"]
[BlackElo "2266"]
[PlyCount "60"]
[EventDate "2021.??.??"]
[EventType "blitz"]
[TimeControl "180"]

1. e4 e5 2. Nf3 Nf6 3. Nxe5 d6 4. Nxf7 Kxf7 5. d4 c5 6. Bc4+ Ke8 7. c3 Nc6 8.
O-O cxd4 9. cxd4 Qb6 10. Nc3 Qxd4 11. Qe2 Bg4 12. Qd3 Qxd3 13. Bxd3 Rc8 14. h3
Bh5 15. Bf4 Ne5 16. Bb5+ Kf7 17. Rfe1 Be7 18. f3 Rhd8 19. Kf2 Kg8 20. g4 Bf7
21. Bg3 Bc4 22. Bxc4+ Rxc4 23. Red1 a6 24. g5 Nh5 25. Nd5 Rc2+ 26. Ke3 Nxg3 27.
Nxe7+ Kf7 28. Nd5 Re2+ 29. Kf4 Nh5+ 30. Kf5 g6# {Normal} 0-1

[Event "Rated Blitz game"]
[Site "?"]
[Date "2021.02.13"]
[Round "?"]
[White "RatzFatzWeg"]
[Black "turton"]
[Result "1-0"]
[ECO "C42"]
[WhiteElo "2417"]
[BlackElo "2309"]
[PlyCount "67"]
[EventDate "2021.??.??"]
[EventType "blitz"]
[TimeControl "180+2"]

1. e4 e5 2. Nf3 Nf6 3. Nxe5 d6 4. Nxf7 Kxf7 5. Nc3 c6 6. d4 Be7 7. Bd3 Rf8 8.
e5 dxe5 9. dxe5 Ng4 10. f4 g6 11. Qe2 Kg7 12. Bd2 Qb6 13. Ne4 Qxb2 14. O-O Qd4+
15. Kh1 Na6 16. h3 Nh6 17. Be3 Qd8 18. g4 Nc7 19. Rad1 Nd5 20. Bc1 Qc7 21. c4
Nb4 22. Bb1 c5 23. Nf6 b6 24. Kh2 Nc6 25. Nd5 Qb7 26. Be4 Nd4 27. Qg2 Rb8 28.
f5 Nhxf5 29. gxf5 Nxf5 30. Bf4 Bh4 31. Qb2 Kg8 32. Nf6+ Bxf6 33. Bxb7 Bxb7 34.
exf6 {Normal} 1-0

[Event "Rated Blitz game"]
[Site "?"]
[Date "2021.02.13"]
[Round "?"]
[White "hanelsker"]
[Black "Semenychev_Alexander"]
[Result "0-1"]
[ECO "C42"]
[WhiteElo "2279"]
[BlackElo "2417"]
[PlyCount "60"]
[EventDate "2021.??.??"]
[EventType "blitz"]
[TimeControl "180"]

1. e4 e5 2. Nf3 Nf6 3. Nxe5 d6 4. Nxf7 Kxf7 5. Bc4+ Be6 6. Bxe6+ Kxe6 7. d4 Be7
8. c3 Kd7 9. e5 Nd5 10. Qg4+ Kc6 11. c4 Nb6 12. d5+ Nxd5 13. cxd5+ Kxd5 14.
Nc3+ Kxe5 15. Be3 Nc6 16. O-O-O Kf6 17. Qf4+ Kg6 18. Rd5 Rf8 19. Qe4+ Kf7 20.
Qxh7 Rh8 21. Rf5+ Bf6 22. Rxf6+ Qxf6 23. Qd3 Ne7 24. Ne4 Qf5 25. Ng5+ Kg6 26.
Qb3 b6 27. g4 Qd5 28. Qc2+ Kf6 29. Rd1 Qc6 30. Bd4+ Kxg5 {Normal} 0-1